Map: Wieczne Imperium ER

Players

kers - Winner!

  • Race: Protoss Protoss
  • League: Platinum
  • Spawn Location: 7:00

EnErgyDRinK

  • Race: Terran Terran
  • League: Platinum
  • Spawn Location: 1:00

VOD

Have the link to the VOD?

Description

Time

  • Played on: March 3, 2020, 1:52 p.m.
  • Length: 4:38
Show
View Real Time Build Order
Export as new Build Order

kers Protoss - Winner!

Build Orders:  

Get SALT Encoding   

  12  0:00  Probe  
  13  0:12  Probe  
  14  0:20  Pylon  
  14  0:25  Probe  
  15  0:38  Probe (Chrono Boost)  
  16  0:43  Gateway  
  17  0:50  Probe (Chrono Boost)  
  17  0:51  Assimilator  
  17  0:57  Probe (Chrono Boost)  
  18  1:04  Probe  
  19  1:16  Probe  
  20  1:28  Probe  
  20  1:31  Cybernetics Core  
  21  1:40  Probe  
  21  1:49  Nexus  
  21  1:52  Probe  
  22  1:54  Pylon  
  22  2:01  Warp Gate (Chrono Boost)  
  22  2:05  Probe  
  23  2:12  Adept  
  23  2:13  Assimilator  
  25  2:17  Probe  
  26  2:29  Probe  
  27  2:30  Robotics Facility  
  27  2:41  Probe  
  27  2:43  Stalker  
  30  2:53  Probe  
  31  3:03  Probe  
  31  3:04  Gateway  
  31  3:05  Gateway  
  32  3:06  Probe  
  33  3:15  Probe  
  33  3:18  Probe  
  33  3:19  Observer  
  36  3:27  Probe  
  36  3:30  Probe, Pylon  
  38  3:38  Assimilator  
  38  3:39  Probe  
  39  3:42  Probe, Assimilator  
  39  3:48  Observer  
  41  3:51  Probe  
  41  3:55  Probe  
  43  3:56  Sentry  
  43  3:59  Stalker  
  47  4:03  Probe, Stalker  
  47  4:07  Probe  
  51  4:15  Probe  
  52  4:19  Probe, Pylon  
  52  4:23  Pylon  
  54  4:32  Forge  
  54  4:38  Twilight Council  
Show
View Real Time Build Order
Export as new Build Order

EnErgyDRinK Terran 

Build Orders:  

Get SALT Encoding   

  12  0:02  SCV  
  14  0:14  SCV  
  14  0:22  Supply Depot  
  14  0:29  SCV  
  15  0:43  SCV  
  15  0:46  Barracks  
  16  0:52  Refinery  
  16  0:55  SCV  
  17  1:08  SCV, Refinery  
  18  1:26  SCV  
  19  1:35  Supply Depot  
  19  1:36  Marine  
  19  1:38  SCV  
  21  1:51  SCV  
  21  1:53  Marine  
  23  1:57  Factory  
  23  2:03  SCV  
  24  2:11  Marine  
  26  2:15  SCV, Supply Depot  
  26  2:27  SCV  
  26  2:29  Marine  
  28  2:41  Factory Tech Lab  
  28  2:42  SCV  
  28  2:44  Starport  
  29  2:47  Marine  
  30  2:59  SCV  
  30  3:01  Siege Tank  
  30  3:05  Marine  
  35  3:08  Supply Depot  
  35  3:11  SCV  
  36  3:20  Medivac  
  36  3:22  Marine  
  39  3:30  SCV  
  39  3:32  Supply Depot  
  40  3:38  Siege Tank  
  40  3:40  Marine  
  44  3:50  Medivac  
  46  3:58  Marine  
  46  4:00  Orbital Command  
  47  4:16  Marine  
Tags
 
Add a new tag
Caveats
  • Supply blocks, unpowered buildings, or Contaminate may cause inaccurate times.
  • Supply counts are checked every 10 seconds.